 Dungeon Crawl Stone Soup version 0.30-a0-341-g682706514a (webtiles) character file.

Game seed: 3368936948014545262

4833 Decritt the Fighter (level 10, -5/78 HPs)
             Began as a Djinni Hedge Wizard on Nov 4, 2022.
             Was an Initiate of Makhleb.
             Slain by a skeletal warrior
             ... wielding a +0 dire flail
              (16 damage)
             ... on level 9 of the Dungeon.
             The game lasted 00:38:26 (15524 turns).

Decritt the Fighter (Djinni Hedge Wizard)          Turns: 15524, Time: 00:38:26

Health: -5/78      AC: 10    Str:  9    XL:     10   Next: 77%
Gold:   447        EV: 16    Int: 20    God:    Makhleb [......] SH:  0 Dex: 13

rFire   + + .      SeeInvis .    v - +3 quarterstaff (chaos)
rCold   . . .      Faith    .    (shield currently unavailable)
rNeg    . . .      Spirit   .    y - +0 steam dragon scales
rPois   ∞          Reflect  .    c - +1 hat
rElec   .          Harm     .    u - +1 cloak {rPois}
rCorr   .          Rampage  .    k - +0 pair of gloves
Will    +....                    (boots unavailable)
Stlth   ++........               (no amulet)
HPRegen 0.33/turn                s - +4 ring of evasion
MPRegen 0.00/turn                B - ring of protection from cold

@: about to teleport, flying
A: sickness immunity, fire resistance 2, cold vulnerability 1, float, innate
caster, HP casting, extra vitality 1
a: Renounce Religion


You were on level 9 of the Dungeon.
You worshipped Makhleb.
Makhleb was noncommittal.
You visited 2 branches of the dungeon, and saw 10 of its levels.
You also visited: Sewer and Ossuary.

You collected 447 gold pieces.

Inventory:

Hand Weapons
 v - a +3 quarterstaff of chaos (weapon)
Missiles
 a - a throwing net
Armour
 b - a +0 robe
 c - a +1 hat (worn)
 k - a +0 pair of gloves (worn)
 u - a +1 cloak of poison resistance (worn)
 y - +0 steam dragon scales (worn)
Jewellery
 s - a +4 ring of evasion (left hand)
 B - a ring of protection from cold (right hand)
Wands
 t - a wand of flame (22)
Scrolls
 e - a scroll of fear
 g - 3 scrolls of enchant weapon
 m - a scroll of vulnerability
 r - a scroll of identify
 w - 2 scrolls of enchant armour
 C - a scroll of poison
Potions
 d - 3 potions of curing
 f - 2 potions of flight
 h - a potion of resistance
 j - 5 potions of mutation
 l - 2 potions of cancellation
 n - 4 potions of brilliance
 o - 2 potions of heal wounds
 p - a potion of haste
 x - 2 potions of lignification {unknown}
 z - 2 potions of invisibility
 A - a potion of berserk rage {unknown}


   Skills:
 * Level 9.6 Fighting
 + Level 2.0 Staves
 + Level 5.9 Armour
 - Level 2.1 Dodging
 - Level 1.5 Stealth
 * Level 7.8 Spellcasting


You had 3 spell levels left.
You knew the following spells:

 Your Spells              Type           Power      Damage    Failure   Level
a - Magic Dart            Conj           100%       1d8       1%          1
b - Slow                  Hex            100%       N/A       1%          1
c - Mephitic Cloud        Conj/Pois/Air  39%        N/A       1%          3
d - Spider Form           Tmut/Pois      39%        N/A       1%          3
e - Blink                 Tloc           78%        N/A       1%          2
f - Cigotuvi's Dreadful   Necr/Pois/Air  78%        N/A       1%          2
g - Apportation           Tloc           78%        N/A       1%          1
h - Ensorcelled Hibernat  Hex/Ice        78%        N/A       1%          2
i - Petrify               Tmut/Erth      39%        N/A       3%          4
s - Call Imp              Summ           39%        N/A       1%          2
Your spell library was empty.

Dungeon Overview and Level Annotations

Branches:
Dungeon (8/15)             Temple (1/1) D:6           Sewer (visited)
Ossuary (visited)
   Lair: D:8-11

Altars:
Ashenzari
Dithmenos
Elyvilon
Fedhas
Gozag
Hepliaklqana
Makhleb
Nemelex Xobeh
Okawaru
Qazlal
Ru
Uskayaw
Wu Jian
Xom
Yredelemnul
The Shining One

Portals:
Abyss: D:6

Annotations:
D:6 2 transporters, crabbyslav's ghost, novice DsGl
D:9 Amaemon


Innate Abilities, Weirdness & Mutations

You are immune to sickness and miasma.
You are immune to poison.
Your flesh is very heat resistant. (rF++)
You are vulnerable to cold. (rC-)
You float through the air rather than walking.
You learn spells naturally, not from books.
Your magical power is your life essence.
You have superior vitality. (+4 MHP)


Message History

Your damage rating with your +3 quarterstaff of chaos is about 14 (Base 10 x 97% (Str) x 120% (Skill) + 3 (Ench)) + Chaos.
Unknown command.
HP restored.
You reach down and open the door.
Amaemon and an orange demon come into view.
Amaemon is wielding a +0 demon whip of venom.
Amaemon shouts!
The orange demon screeches!
Found a leather armour.
As you read the scroll of teleportation, it crumbles to dust.
You feel strangely unstable. The orange demon stings you from afar.
Your surroundings suddenly seem different.
A yaktaur, a five-headed hydra, a centaur warrior, a boulder beetle, a basilisk, a skeletal warrior, a cyclops, 3 tengu and 2 two-headed ogres come into view.
Found twelve items.
Found two escape hatches in the ceiling and two escape hatches in the floor.
The two-headed ogre shouts in stereo!
The tengu warrior shouts! x2
The two-headed ogre shouts in stereo!
The basilisk hisses angrily.
The five-headed hydra roars!
The tengu warrior misses you. The tengu warrior closely misses you.
The tengu warrior claws you but does no damage.
The yaktaur shouts!
As you read the scroll of teleportation, it crumbles to dust.
You feel strangely unstable.
The cyclops shouts!
The yaktaur changes into something you cannot see!
The centaur warrior wields a +0 shortbow.
The centaur warrior shoots an arrow.
The arrow hits you!
The tengu warrior hits you with a +1 war axe!
The tengu warrior pecks you. The tengu warrior barely misses you.
The tengu warrior hits you with a +1 war axe!
The tengu warrior pecks you but does no damage.
The tengu warrior claws you but does no damage.
The two-headed ogre closely misses you.
The two-headed ogre hits you with a +0 giant club!!
* * * LOW HITPOINT WARNING * * *
The skeletal warrior hits you with a +0 dire flail!
* * * LOW HITPOINT WARNING * * *
The tengu warrior closely misses you. The tengu warrior misses you.
The tengu warrior closely misses you.
The skeletal warrior hits you with a +0 dire flail!
You die...

#>.$.$.$<#
#.$.$.$.$#
#$.!$))$.#
#.$[:)$.$#
#$.?))$$.#
#.$l[c?C$#
#BQODO.$.# ##
#o.##########.
##


You could see a boulder beetle, a five-headed hydra, a skeletal warrior, 2 tengu
warriors, a centaur warrior, 2 two-headed ogres, a cyclops, a basilisk, a tengu
conjurer and an orc warrior (asleep).

Vanquished Creatures
  A hornet (D:9)
  A wyvern (D:8)
  2 steam dragons (D:6)
  A water moccasin (D:6)
  An acid dragon (D:7)
  A black bear (D:7)
  3 sky beasts (D:7)
  2 ice beasts
  2 orc warriors
  2 ogres
  2 centaurs
  2 kobold brigands (Sewer)
  A bullfrog (D:5)
  3 elf zombies (Ossuary)
  A gnoll sergeant (D:5)
  A necrophage (D:6)
  5 scorpions
  11 wights
  8 killer bees
  2 howler monkeys (D:8)
  A centaur zombie (Ossuary)
  A hound (D:4)
  Crazy Yiuf (D:3)
  A human zombie (Ossuary)
  4 orc priests
  6 iguanas
  5 orc wizards
  3 mummies (Ossuary)
  3 gnolls
  6 adders
  5 river rats (Sewer)
  A shadow imp (D:6)
  4 white imps
  4 adder zombies (Ossuary)
  A worm (D:4)
  4 dart slugs
  29 orcs
  10 ball pythons
  4 endoplasms
  7 giant cockroaches
  A gnoll zombie (Ossuary)
  6 hobgoblins
  11 kobolds
  6 quokkas
  4 bats
  6 frilled lizards
  13 goblins
  2 goblin zombies (Ossuary)
  4 hobgoblin zombies (Ossuary)
  5 jackal zombies (Ossuary)
  3 kobold zombies (Ossuary)
  2 orc zombies (Ossuary)
  A quokka zombie (Ossuary)
  16 rats
  A rat zombie (Ossuary)
233 creatures vanquished.

Vanquished Creatures (collateral kills)
  An orc priest (D:4)
  A hound zombie (Ossuary)
  2 river rats (Sewer)
  A shadow imp (D:8)
  An adder zombie (Ossuary)
  A gnoll zombie (Ossuary)
  4 ball pythons (Sewer)
  A goblin zombie (Ossuary)
  A hobgoblin zombie (Ossuary)
  4 kobolds (Sewer)
  A quokka zombie (Ossuary)
  2 rats (Sewer)
20 creatures vanquished.

Vanquished Creatures (others)
  An orc (D:6)
  3 fungi (D:9)
  26 plants (D:9)
30 creatures vanquished.

Grand Total: 283 creatures vanquished

Notes
Turn   | Place    | Note
-------+----------+-------------------------------------------
     0 | D:1      | Decritt the Djinni Hedge Wizard began the quest for the
                  | Orb.
     0 | D:1      | Decritt set off with the following spells memorised: Magic
                  | Dart, Slow, Blink, Call Imp, Cigotuvi's Dreadful Rot,
                  | Mephitic Cloud.
     0 | D:1      | Reached XP level 1. HP: 15/15 MP: 0/0
   302 | D:1      | Reached XP level 2. HP: 21/22 MP: 0/0
   309 | D:1      | Reached skill level 1 in Fighting
   845 | D:2      | Reached XP level 3. HP: 26/27 MP: 0/0
   845 | D:2      | Learned a level 1 spell: Apportation
  1006 | D:2      | Found a faded altar of an unknown god.
  1387 | D:2      | Reached skill level 2 in Fighting
  1435 | D:2      | Reached XP level 4. HP: 23/33 MP: 0/0
  1834 | D:3      | Found a runed translucent door.
  1835 | D:3      | Noticed Crazy Yiuf
  1936 | D:3      | Found a glowing drain.
  1946 | Sewer    | Entered a sewer
  2433 | Sewer    | Reached XP level 5. HP: 6/40 MP: 0/0
  2433 | Sewer    | Learned a level 2 spell: Ensorcelled Hibernation
  2690 | Sewer    | Reached skill level 3 in Fighting
  3218 | Sewer    | Noticed a kobold brigand
  3280 | Sewer    | Killed a kobold brigand
  3281 | Sewer    | Reached XP level 6. HP: 29/47 MP: 0/0
  3441 | Sewer    | Reached skill level 4 in Fighting
  3868 | D:3      | Found a sacrificial altar of Ru.
  4484 | D:3      | Killed Crazy Yiuf
  4610 | D:4      | Reached XP level 7. HP: 44/53 MP: 0/0
  4610 | D:4      | Learned a level 3 spell: Spider Form
  4744 | D:4      | Reached skill level 1 in Armour
  4991 | D:4      | Reached skill level 5 in Fighting
  5377 | D:4      | Found a shimmering altar of Xom.
  5467 | D:5      | Entered Level 5 of the Dungeon
  5482 | D:5      | Found a sand-covered staircase.
  5487 | Ossuary  | Entered an ossuary
  5780 | Ossuary  | Reached XP level 8. HP: 52/60 MP: 0/0
  5960 | Ossuary  | Reached skill level 5 in Spellcasting
  6596 | D:5      | Reached skill level 6 in Fighting
  7643 | D:5      | Found a basalt altar of Yredelemnul.
  8205 | D:6      | Reached XP level 9. HP: 65/67 MP: 0/0
  8205 | D:6      | Learned a level 4 spell: Petrify
  8379 | D:6      | Reached skill level 7 in Fighting
  8802 | D:6      | Found a stormy altar of Qazlal.
 10166 | D:5      | HP: 3/69 [white imp/puff of frost (12)]
 10848 | D:6      | Found a transporter.
 10917 | D:6      | Reached skill level 8 in Fighting
 11229 | D:6      | Found a staircase to the Ecumenical Temple.
 11286 | Temple   | Entered the Ecumenical Temple
 11412 | Temple   | Became a worshipper of Makhleb the Destroyer
 11481 | D:6      | Found a transporter.
 11481 | D:6      | Noticed a smoke demon
 11496 | D:6      | Reached XP level 10. HP: 72/77 MP: 0/0
 11521 | D:6      | Noticed crabbyslav's ghost (novice DsGl)
 11550 | D:6      | Reached skill level 5 in Armour
 11714 | D:6      | Found a one-way gate to the infinite horrors of the Abyss.
 12184 | D:7      | Found a hazy altar of Hepliaklqana.
 12186 | D:7      | Found an iron altar of Okawaru.
 12347 | D:7      | Found a blossoming altar of Fedhas.
 12646 | D:7      | Reached skill level 9 in Fighting
 12962 | D:8      | Reached skill level 1 in Staves
 15382 | D:8      | You are sucked into a shaft and drop 1 floor!
 15382 | D:9      | Found a sparkling altar of Nemelex Xobeh.
 15516 | D:9      | Noticed Amaemon
 15516 | D:9      | Noticed an orange demon
 15521 | D:9      | Noticed a yaktaur
 15521 | D:9      | Noticed a five-headed hydra
 15521 | D:9      | Noticed a centaur warrior
 15521 | D:9      | Noticed a boulder beetle
 15521 | D:9      | Noticed a two-headed ogre
 15521 | D:9      | Noticed a tengu warrior
 15521 | D:9      | Noticed a skeletal warrior
 15521 | D:9      | Noticed a cyclops
 15521 | D:9      | Noticed a tengu warrior
 15521 | D:9      | Noticed a two-headed ogre
 15521 | D:9      | Found the +7 lajatang of Order {silver, rMut}
 15522 | D:9      | a yaktaur changed into something unseen
 15524 | D:9      | Slain by a skeletal warrior

Illustrated notes

Levels and vault maps discovered:
D:1:      amcnicky_arrival_single_pillar, layout_loops_cross,
          chequers_serial_rivers_large_b
D:2:      layout_loops_ring, basic_ecumenical_altar, minivault_26,
          minmay_hexomino_p4
D:3:      layout_basic, mainiacjoe_overflow_brackets,
          cheibrodos_sewer_entry_drain, minmay_goblin_outpost,
          uniq_crazy_yiuf_cottage
D:4:      layout_rooms, mainiacjoe_overflow_chevrons
D:5:      layout_loops_ring, yredelemnul_altar_generic,
          nicolae_ossuary_entry_plus
D:6:      cheibrodos_steamvent, layout_loops_ring,
          nicolae_qazlal_general_emergency, temple_hall,
          gammafunk_ghost_abyssal_escape
D:7:      layout_loops_corners, mainiacjoe_overflow_cross_hatched,
          nicolae_overflow_squiral, lemuel_round_altar,
          chequers_serial_rivers_small_b,
          nicolae_concentric_dashed_squares_wild, feat_on_display
D:8:      layout_rooms
D:9:      layout_roguey, nicolae_overflow_crystal_walls,
          minmay_lair_entry_grove, hellmonk_ghost_happy_afterlife,
          minmay_liquid_box, minivault_12, uniq_amaemon, uniq_joseph,
          uniq_pikel, uniq_psyche, uniq_prince_ribbit1
Temple:   nicolae_temple_slightly_damp_pantheon

Skill      XL: |  1  2  3  4  5  6  7  8  9 10 |
---------------+-------------------------------+-----
Fighting       | 1 2 3 4 5 6 8 9 |  9.6
Spellcasting   | 3 4 5 7 |  7.8
Armour         | 2 3 4 5 |  5.9
Staves         | 2 |  2.0
Dodging        | |  2.1
Stealth        | |  1.5

Action                   |  1- 3 |  4- 6 |  7- 9 | 10-12 || total
-------------------------+-------+-------+-------+-------++-------
Melee: Quarterstaff      |     2 |    70 |   277 |   237 ||   586
       Unarmed           |       |       |   196 |       ||   196
 Cast: Magic Dart        |    88 |   138 |    54 |     2 ||   282
       Slow              |     4 |    17 |    57 |    81 ||   159
       Call Imp          |       |    13 |    16 |       ||    29
       Ensorcelled Hiber |       |     3 |       |       ||     3
       Spider Form       |       |       |    16 |       ||    16
       Mephitic Cloud    |       |       |     4 |       ||     4
  Use: Scroll            |       |     9 |    12 |     5 ||    26
       Potion            |       |       |     4 |       ||     4
 Stab: Distracted        |       |     2 |       |       ||     2
       Sleeping          |       |       |     1 |       ||     1
       Paralysed         |       |       |     6 |     3 ||     9
       Confused          |       |       |     2 |       ||     2
       Petrifying        |       |       |       |     1 ||     1
Armor: Robe              |     6 |    19 |    56 |       ||    81
       Skin              |       |       |     9 |       ||     9
       Steam dragon scal |       |       |     7 |    93 ||   100
Dodge: Dodged            |    13 |    94 |   515 |   370 ||   992

Table legend: (Time is in decaauts)
 A = Elapsed time spent in this place.
 B = Non-inter-level travel time spent in this place.
 C = Inter-level travel time spent in this place.
 D = Time resting spent in this place.
 E = Time spent auto-exploring this place.
 F = Levels seen in this place.
 G = Mean time per level.
                   A        B        C        D        E       F      G
               +--------+--------+--------+--------+--------+-----+--------+
         Total |  15693 |  15422 |    271 |   6666 |   5752 |  12 | 1307.8 |
       Dungeon |  12631 |  12379 |    252 |   5099 |   5055 |   9 | 1403.4 |
        Temple |    145 |    126 |     19 |      0 |     98 |   1 |  145.0 |
         Sewer |   1815 |   1815 |      0 |   1002 |    405 |   1 | 1815.0 |
       Ossuary |   1100 |   1100 |      0 |    565 |    194 |   1 | 1100.0 |
               +--------+--------+--------+--------+--------+-----+--------+

Top non-repeatable levels by time:
     D:5: 2953 daAuts
     D:7: 2812 daAuts
     D:6: 2069 daAuts
   Sewer: 1815 daAuts
     D:3: 1310 daAuts
     D:4: 1116 daAuts
 Ossuary: 1100 daAuts
     D:2: 862 daAuts
     D:1: 797 daAuts
     D:8: 566 daAuts
  Temple: 145 daAuts
     D:9: 143 daAuts
